 Dungeon Crawl Stone Soup version 0.31.0-11-ge490571c62 (webtiles) character file.

Game seed: 2937334444415250356

10518 MollyMolluskus the Grappler (level 11, -1/78 HPs)
             Began as an Octopode Fighter on Jan 30, 2024.
             Was a Priest of Wu Jian.
             Slain by a troll (13 damage)
             ... on level 10 of the Dungeon.
             The game lasted 00:40:23 (11498 turns).

MollyMolluskus the Grappler (Octopode Fighter)     Turns: 11498, Time: 00:40:24

Health: -1/78      AC:  1    Str: 26    XL:     11   Next: 63%
Magic:  11/11      EV: 20    Int: 16    God:    Wu Jian [***...]
Gold:   588        SH:  8    Dex: 12    Spells: 10/10 levels left

rFire   + .          .
                       - Unarmed
rCold   . . .        a - +3 buckler
rNeg    . . .        (helmet restricted)
rPois   .            w - amulet of the acrobat
rElec   .            g - +5 ring of evasion
rCorr   +            l - ring of resist corrosion
SInv    +            b - ring of see invisible
Will    .....        c - +6 ring of strength
Stlth   +++          B - ring of Niryrhu {rF+ Int+6}
HPRegen 0.33/turn    (no ring)
MPRegen 0.12/turn    (no ring)
                     (no ring)

%: acrobat
@: no status effects
A: almost no armour, amphibious, 8 rings, camouflage 1, gelatinous body 1,
(nimble swimmer 1), tentacles
a: Renounce Religion, Wall Jump, Serpent's Lash


You were on level 10 of the Dungeon.
You worshipped Wu Jian.
Wu Jian was most pleased with you.
You visited 2 branches of the dungeon, and saw 11 of its levels.
You also visited: Ossuary.

You collected 588 gold pieces.

Inventory:

Missiles
 e - 21 poisoned darts (quivered)
 o - 5 boomerangs
Armour
 a - a +3 buckler (worn)
Jewellery
 b - a ring of see invisible (on tentacle)
 c - a +6 ring of strength (on tentacle)
 g - a +5 ring of evasion (left tentacle)
 l - a ring of resist corrosion (right tentacle)
 s - a ring of ice
 w - an amulet of the acrobat (around mantle)
 B - the ring of Niryrhu (on tentacle) {rF+ Int+6}
   (You found it on level 9 of the Dungeon)

   [ring of intelligence]

   Int+6:     It affects your intelligence (+6).
   rF+:       It protects you from fire.
Talismans
 n - a maw talisman
Wands
 k - a wand of charming (45)
 q - a wand of polymorph (5)
 x - a wand of iceblast (11)
 y - a wand of acid (4)
Scrolls
 m - 4 scrolls of teleportation
 p - 3 scrolls of fear
 u - 2 scrolls of silence
Potions
 d - 3 potions of curing
 f - 3 potions of resistance
 h - a potion of berserk rage {unknown}
 i - a potion of brilliance {unknown}
 j - a potion of lignification
 r - a potion of cancellation {unknown}
 t - a potion of haste {unknown}
 v - a potion of degeneration {unknown}
 z - a potion of enlightenment {unknown}
Miscellaneous
 A - a lightning rod (4/4)


   Skills:
 - Level 8.9 Fighting
 - Level 8.0 Dodging
 - Level 4.0 Stealth
 - Level 4.0 Shields
 - Level 9.5 Unarmed Combat
 * Level 9.4 Shapeshifting


You had 10 spell levels left.
You didn't know any spells.
Your spell library contained the following spells:

 Spells                   Type           Power      Damage    Failure   Level
 Apportation              Tloc           0%         N/A       30%         1
 Foxfire                  Conj/Fire      0%         2x1d4     30%         1
 Freeze                   Ice            0%         1d3       30%         1
 Sandblast                Erth           0%         2d4       30%         1
 Blink                    Tloc           0%         N/A       41%         2
 Cigotuvi's Dreadful Rot  Necr/Alch/Air  0%         N/A       41%         2
 Ensorcelled Hibernation  Hex/Ice        0%         N/A       41%         2
 Jinxbite                 Hex            0%         N/A       41%         2
 Lesser Beckoning         Tloc           0%         N/A       41%         2
 Momentum Strike          Conj/Tloc      0%         3d8       41%         2
 Frozen Ramparts          Ice            0%         1d1       65%         3
 Hailstorm                Conj/Ice       0%         3d5       65%         3
 Ozocubu's Armour         Ice            0%         N/A       65%         3
 Passwall                 Erth           0%         N/A       65%         3
 Stone Arrow              Conj/Erth      0%         3d7       65%         3
 Swiftness                Air            0%         N/A       65%         3
 Brom's Barrelling Bould  Conj/Erth      0%         2d3       96%         4
 Ignite Poison            Fire/Alch      0%         N/A       96%         4
 Alistair's Intoxication  Alch           0%         N/A       100%        5
 Freezing Cloud           Conj/Ice/Air   0%         6-21      100%        5
 Metabolic Englaciation   Hex/Ice        0%         N/A       100%        5
 Plasma Beam              Fire/Air       0%         2x1d10    100%        6
 Sculpt Simulacrum        Ice/Alch       0%         N/A       100%        6
 Starburst                Conj/Fire      0%         6d3       100%        6


Dungeon Overview and Level Annotations

Branches:
Dungeon (10/15)            Temple (1/1) D:4            Lair (0/5) D:8
    Orc (0/2) D:9         Ossuary (visited)

Altars:
Ashenzari
Cheibriados
Dithmenos
Elyvilon
Fedhas
Gozag
Hepliaklqana
Kikubaaqudgha
Makhleb
Nemelex Xobeh
Okawaru
Qazlal
Ru
Sif Muna
Trog
Uskayaw
Vehumet
Wu Jian
Xom
Zin
The Shining One

Shops:
D:1 :

Annotations:
D:8 3 runed translucent doors, Burzz's ghost, novice KoHu


Innate Abilities, Weirdness & Mutations

You cannot wear most types of armour.
You are amphibious.
You can wear up to eight rings at the same time.
Your skin changes colour to match your surroundings (Stealth+).
Your rubbery body absorbs attacks. (AC +1, EV +1)
((You are camouflaged when in or above water. (Stealth+)))
You have tentacles for arms and can constrict up to eight enemies at once.


Message History

The orc wizard closely misses you.
You tentacle-slap the orc wizard. You grab the orc wizard.
You tentacle-slap the orc wizard, but do no damage.
You squeeze the orc wizard, but do no damage.
The orc wizard is lightly wounded.
You constrict the orc wizard.
You feel sick. The orc wizard completely misses you.
You tentacle-slap the orc wizard but do no damage.
The orc wizard is moderately wounded.
You constrict the orc wizard.
You feel sick.
The orc wizard hits you with a +0 dagger.
You bludgeon the orc wizard! You squeeze the orc wizard.
You kill the orc wizard!
The Council accepts your kill.
You feel sick.
You feel sick.
There is a stone staircase leading up, spattered with blood here.
You tentacle-slap the troll. Your squeeze misses the troll.
The troll is lightly wounded.
You feel sick.
You bludgeon the troll!
The troll is heavily wounded.
You feel sick.
You are no longer poisoned.
You block the troll's attack. The troll claws you. x2
You bludgeon the troll!
The troll is severely wounded.
The troll completely misses you. You block the troll's attack.
The troll completely misses you.
You bludgeon the troll! You squeeze the troll.
The troll is almost dead.
The troll barely misses you. The troll claws you! You block the troll's attack.
You closely miss the troll. Your squeeze misses the troll.
The troll is almost dead.
The troll bites you! The troll closely misses you. The troll claws you!
* * * LOW HITPOINT WARNING * * *
You feel better. The troll bites you!
* * * LOW HITPOINT WARNING * * *
The troll claws you!
You die...

#.........
..........
#.........
#.........
#.........
#.....<...
#.).......
#T###
#.@[#
###..# #.#
+#


You could see a troll.

Vanquished Creatures
  A centaur warrior (D:9)
  2 boulder beetles (D:9)
  A cyclops (D:9)
  A black mamba (shapeshifter) (D:9)
  2 elephants (D:8)
  Maggie (D:6)
  Sigmund (D:5)
  A shadow (D:9)
  A wyvern (D:9)
  5 yaks
  Grum (D:8)
  A steam dragon (D:8)
  A vampire mosquito (D:9)
  A water moccasin (D:5)
  Duvessa (D:7)
  4 orc warriors
  5 ice beasts
  An ogre (D:7)
  3 sky beasts
  3 wolves (D:8)
  10 centaurs
  Blork the orc (D:6)
  2 kobold brigands (D:9)
  2 elf zombies (Ossuary)
  A gnoll sergeant (D:8)
  5 bullfrogs
  3 scorpions
  3 wights (D:7)
  Dowan (D:7)
  14 killer bees
  A howler monkey (D:9)
  3 bombardier beetles
  2 hounds
  A centaur zombie (Ossuary)
  2 jellies (D:6)
  12 orc priests
  A sleepcap (D:4)
  3 iguanas
  8 orc wizards
  5 hound zombies (Ossuary)
  2 mummies (Ossuary)
  5 gnolls
  7 adders
  2 shadow imps
  2 white imps
  2 ufetubi (D:6)
  10 adder zombies (Ossuary)
  2 dart slugs
  A ribbon worm (D:2)
  21 orcs
  9 ball pythons
  5 bats
  7 endoplasms
  3 giant cockroaches
  7 gnoll zombies (Ossuary)
  4 goblins
  5 hobgoblins
  4 jackals (D:2)
  8 kobolds
  4 quokkas
  A frilled lizard (D:2)
  A jackal zombie (Ossuary)
  6 kobold zombies (Ossuary)
  5 orc zombies (Ossuary)
  3 rats
243 creatures vanquished.

Vanquished Creatures (collateral kills)
  A centaur (D:9)
1 creature vanquished.

Vanquished Creatures (others)
  A centaur warrior (D:9)
1 creature vanquished.

Grand Total: 245 creatures vanquished

Notes
Turn   | Place    | Note
-------+----------+-------------------------------------------
     0 | D:1      | MollyMolluskus the Octopode Fighter began the quest for the
                  | Orb.
     0 | D:1      | Reached XP level 1. HP: 16/16 MP: 1/1
    34 | D:1      | Found Ypraibyi's Book Emporium.
    84 | D:1      | Reached XP level 2. HP: 21/21 MP: 2/2
   168 | D:1      | Reached skill level 1 in Stealth
   538 | D:1      | Reached XP level 3. HP: 26/26 MP: 3/3
   919 | D:2      | Reached XP level 4. HP: 16/31 MP: 4/4
  1898 | D:3      | Reached XP level 5. HP: 36/36 MP: 5/5
  2434 | D:3      | Found a sacrificial altar of Ru.
  2444 | D:3      | Found a blossoming altar of Fedhas.
  2593 | D:4      | Found a staircase to the Ecumenical Temple.
  2605 | Temple   | Entered the Ecumenical Temple
  2621 | D:4      | Reached XP level 6. HP: 31/43 MP: 6/6
  2725 | D:4      | Found a sand-covered staircase.
  2731 | Ossuary  | Entered an ossuary
  2800 | Ossuary  | Reached skill level 1 in Shapeshifting
  2910 | Ossuary  | Reached XP level 7. HP: 30/48 MP: 7/7
  3317 | D:4      | Found an iron altar of Okawaru.
  4204 | D:5      | Entered Level 5 of the Dungeon
  4211 | D:5      | Reached skill level 5 in Unarmed Combat
  4221 | D:5      | Reached XP level 8. HP: 22/54 MP: 8/8
  4334 | D:5      | Found an ornate altar of the Wu Jian Council.
  4350 | D:5      | Found a hazy altar of Hepliaklqana.
  4352 | D:5      | Became a worshipper of the Wu Jian Council
  4355 | D:5      | Found an opulent altar of Gozag.
  4356 | D:5      | Found a hide-covered altar of Uskayaw.
  4357 | D:5      | Found a white marble altar of Elyvilon.
  4576 | D:5      | Noticed Sigmund
  4610 | D:5      | Killed Sigmund
  4611 | D:5      | Reached skill level 5 in Fighting
  4611 | D:5      | Reached skill level 5 in Dodging
  5454 | D:6      | Found a burning altar of Makhleb.
  5477 | D:6      | Reached XP level 9. HP: 42/62 MP: 9/9
  5903 | D:6      | Noticed Maggie
  5936 | D:6      | Noticed Blork the orc
  5947 | D:6      | Killed Blork the orc
  6178 | D:6      | Killed Maggie
  6535 | D:7      | Reached * piety under Wu Jian
  6749 | D:7      | Identified the +6 sling of the Gloaming {drain, rN+ Will+}
  7234 | D:7      | Reached skill level 5 in Shapeshifting
  7549 | D:7      | Noticed Duvessa
  7549 | D:7      | Noticed Dowan
  7557 | D:7      | Killed Duvessa
  7559 | D:7      | Killed Dowan
  7763 | D:8      | Reached XP level 10. HP: 47/71 MP: 10/10
  8179 | D:8      | Noticed an elephant
  8191 | D:8      | Killed an elephant
  8215 | D:8      | Found a staircase to the Lair.
  8215 | D:8      | Noticed an elephant
  8227 | D:8      | Killed an elephant
  8347 | D:8      | Noticed Grum
  8363 | D:8      | Killed Grum
  8507 | D:8      | Noticed an angel
  8508 | D:8      | Found a glowing silver altar of Zin.
  8650 | D:8      | Found a sparkling altar of Nemelex Xobeh.
  8787 | D:8      | Found a runed translucent gate.
  8787 | D:8      | Found a runed translucent gate.
  8787 | D:8      | Found a runed translucent gate.
  8789 | D:8      | Found an opulent altar of Gozag.
  8792 | D:8      | Noticed Burzz's ghost (novice KoHu)
  9048 | D:9      | Reached ** piety under Wu Jian
 10050 | D:9      | Reached XP level 11. HP: 63/78 MP: 11/11
 10246 | D:9      | Found a runed translucent door.
 10246 | D:9      | Found a runed translucent door.
 10246 | D:9      | Noticed a cyclops
 10428 | D:9      | Found a staircase to the Orcish Mines.
 10562 | D:9      | Found a glowing golden altar of the Shining One.
 10717 | D:9      | Killed a cyclops
 10938 | D:9      | Noticed a boulder beetle
 10938 | D:9      | Noticed a centaur warrior
 10939 | D:9      | Noticed a centaur warrior
 10941 | D:9      | Noticed a boulder beetle
 10950 | D:9      | Killed a centaur warrior
 10979 | D:9      | Killed a boulder beetle
 10988 | D:9      | Killed a boulder beetle
 10988 | D:9      | Reached *** piety under Wu Jian
 11152 | D:9      | Identified the ring of Niryrhu {rF+ Int+6}
 11155 | D:9      | Identified the +7 orcbow "Tolag" {freeze, Str+2 Int+6}
 11156 | D:9      | Identified the +1 leather armour of the Charming Gods
                  | {Int+3}
 11162 | D:9      | Identified the +2 morningstar of Domination {freeze, rPois
                  | rC++ MP-9}
 11268 | D:10     | Entered Level 10 of the Dungeon
 11498 | D:10     | Slain by a troll

Illustrated notes

Levels and vault maps discovered:
D:1:      dpeg_arrival_shrine, layout_loops_ring, serial_shops, shop,
          minivault_4
D:2:      layout_basic, minmay_between
D:3:      layout_loops_corners, nicolae_overflow_squiral
D:4:      layout_layer_cave, lemuel_tele_altar,
          minmay_temple_entry_gardened_gates, nicolae_ossuary_entry_plus,
          serial_bayou_lagoon_b
D:5:      layout_cave_pools, minitemple, serial_column_ruins,
          column_ruins_square_medium, column_ruins_square_medium,
          column_ruins_corridor_straight, column_ruins_grid_2,
          column_ruins_corridor_straight, column_ruins_grid_1,
          column_ruins_open_large, column_ruins_corridor_corner,
          column_ruins_grid_1, uniq_sigmund
D:6:      layout_basic, bloody_makhleb, st_stairs_3, uniq_blork_the_orc,
          uniq_maggie
D:7:      layout_loops_corners, ebering_dispersal_statue_hall,
          kennysheep_generic_room_10, uniq_duvessa
D:8:      layout_loops_corners, zin_angel, nemelex_xobeh_ov_fountains_minmay,
          grunt_lair_entry_orc_guard_hut, ebering_ghost_gozag, uniq_grum
D:9:      minmay_the_grid_triangle_9x9_rhombus_full
          [minmay_the_grid_triangle_9x9_windchime,
          minmay_the_grid_triangle_9x9_odd_lines,
          minmay_the_grid_triangle_9x9_zippers_horizontal,
          minmay_the_grid_triangle_9x9_sprig,
          minmay_the_grid_triangle_9x9_zippers_vertical,
          minmay_the_grid_triangle_9x9_flanged_cone,
          minmay_the_grid_triangle_9x9_tough_junction,
          minmay_the_grid_triangle_9x9_prize_insulated], layout_stronghold,
          lemuel_round_altar, centaur_isle
D:10:     layout_roguey, mainiacjoe_overflow_paths, serial_shops,
          nicolae_square_shop
Temple:   nicolae_temple_figure_zero

Skill      XL: |  1  2  3  4  5  6  7  8  9 10 11 |
---------------+----------------------------------+-----
Stealth        | 1 2 3 4 |  4.0
Unarmed Combat | 3 4 5 6 7 9 |  9.5
Dodging        | 4 5 7 8 |  8.0
Shapeshifting  | 1 2 3 5 6 9 |  9.4
Fighting       | 4 5 7 8 |  8.9
Shields        | 4 |  4.0

Action                     |  1- 3 |  4- 6 |  7- 9 | 10-12 || total
---------------------------+-------+-------+-------+-------++-------
  Melee: Unarmed           |    53 |   161 |   249 |   285 ||   748
         Constrict         |    12 |    49 |    41 |    43 ||   145
         Tentacles         |     8 |    40 |    64 |    61 ||   173
         Punch             |     3 |     6 |    12 |    14 ||    35
  Throw: Boomerang         |       |       |     2 |     7 ||     9
         Dart              |       |       |       |     5 ||     5
Ability: Lunge             |       |       |    25 |    20 ||    45
         Whirlwind         |       |       |       |    13 ||    13
         Wall Jump         |       |       |       |     4 ||     4
  Evoke: Wand              |       |       |     3 |     7 ||    10
    Use: Scroll            |     2 |     4 |     8 |     3 ||    17
         Potion            |       |       |     5 |     8 ||    13
   Stab: Sleeping          |     5 |    13 |    14 |     2 ||    34
         Confused          |       |       |     1 |       ||     1
         Distracted        |       |       |       |     1 ||     1
 Armour: Skin              |    20 |    35 |    63 |   118 ||   236
  Dodge: Dodged            |    28 |   102 |    95 |   193 ||   418
  Block: Buckler           |     5 |    40 |    57 |   113 ||   215
